 Dungeon Crawl Stone Soup version 0.21.1-1-g345015f (webtiles) character file.

1558 Mythic the Poker (level 8, -3/64 HPs)
             Began as a Demonspawn Abyssal Knight on May 2, 2018.
             Was an Elder of Lugonu.
             Slain by a river rat (5 damage)
             ... on level 6 of the Dungeon.
             The game lasted 00:39:01 (5378 turns).

Mythic the Poker (Demonspawn Abyssal Knight)        Turns: 5378, Time: 00:39:07

Health: -3/64      AC: 12    Str: 19    XL:     8   Next: 58%
Magic:  8/11       EV:  8    Int: 15    God:    Lugonu [****..]
Gold:   233        SH:  0    Dex: 14    Spells: 7/7 levels left

rFire    + + .     SeeInvis .   a - +1 spear
rCold    + . .     Gourm    .   (no shield)
rNeg     . . .     Faith    .   f - +0 chain mail
rPois    .         Spirit   .   r - +0 helmet (curse)
rElec    .         Reflect  .   y - scarf {rC+ rF+}
rCorr    .         Harm     .   o - +0 pair of gloves
MR       .....                  (no boots)
Stlth    ..........             k - amulet of regeneration
HPRegen  0.60/turn              j - ring of wizardry
MPRegen  0.12/turn              (no ring)

@: mighty, hasted, very quick
A: thin skeletal structure 1, fire resistance 1, powered by pain 1
a: Depart the Abyss, Bend Space, Banish, Corrupt, Renounce Religion


You were on level 6 of the Dungeon.
You worshipped Lugonu.
Lugonu was greatly pleased with you.
You were not hungry.

You visited 1 branch of the dungeon, and saw 6 of its levels.
You visited the Abyss 1 time.

You collected 233 gold pieces.

Inventory:

Hand Weapons
 a - a +1 spear (weapon)
 w - a +1 scythe of flaming
Armour
 b - a +0 leather armour
 f - a +0 chain mail (worn)
 o - a +0 pair of gloves (worn)
 r - a cursed +0 helmet (worn)
 y - a scarf of resistance (worn)
Jewellery
 j - a ring of wizardry (left hand)
 k - an amulet of regeneration (around neck)
 t - an uncursed amulet of guardian spirit {unknown}
 v - a cursed ring of loudness {unknown}
 z - an uncursed ring of see invisible {unknown}
 C - an uncursed ring of see invisible {unknown}
 D - a cursed ring of loudness {unknown}
Scrolls
 d - a scroll of magic mapping
 g - a scroll of enchant weapon {unknown}
 h - 8 scrolls of identify
 m - 4 scrolls of remove curse
 n - a scroll of fog
 u - 2 scrolls of random uselessness
Potions
 e - 2 potions of curing {unknown}
 p - a potion of agility
 q - a potion of haste
 s - a potion of berserk rage {unknown}
 x - a potion of mutation {unknown}
Books
 A - a book of Misfortune

   Spells                             Type                      Level
   a - Confusing Touch                Hexes                        1
   b - Confuse                        Hexes                        3
   c - Gell's Gravitas                Translocation                3
   d - Petrify                        Transmutation/Earth          4
   e - Metabolic Englaciation         Hexes/Ice                    5
   f - Yara's Violent Unravelling     Hexes/Transmutation          5
Comestibles
 c - 10 rations


   Skills:
 * Level 5.8 Fighting
 * Level 7.2 Polearms
 + Level 4.4 Armour
 + Level 2.0 Dodging
 + Level 4.3 Invocations


You had 7 spell levels left.
You didn't know any spells.

Dungeon Overview and Level Annotations

Branches:
Dungeon (6/15)             Temple (0/1) D:5

Altars:
Dithmenos
Kikubaaqudgha
Nemelex Xobeh
Okawaru
Sif Muna
Uskayaw
Wu Jian
Zin


Innate Abilities, Weirdness & Mutations

You have a somewhat thin skeletal structure. (Dex +2, Stealth)
Your flesh is heat resistant. (rF+)
You sometimes gain a little power by taking damage.


Message History

The river rat bites you but does no damage. x2
The river rat barely misses you.
As you read the scroll labeled RUIZEU PUELUIS, it crumbles to dust.
The creatures around you are filled with an inner flame!
It was a scroll of immolation.
The rat bites you but does no damage. The rat bites you.
* * * LOW HITPOINT WARNING * * *
The rat closely misses you. The river rat bites you.
* * * LOW HITPOINT WARNING * * *
The river rat bites you but does no damage.
The river rat barely misses you. The river rat bites you.
* * * LOW HITPOINT WARNING * * *
The river rat barely misses you.
It was a potion of haste.
You feel yourself speed up. The rat barely misses you.
The rat bites you but does no damage. x2
The river rat bites you but does no damage. x2
The river rat bites you.
* * * LOW HITPOINT WARNING * * *
The river rat bites you.
You die...

#. #.# #.# #.#
######### #.#
#.rrrr..# #.#
#.rr@rr.#
#.###.rrrrr.#
#...####r####.#
#.#....†rr....#
#.###########.#
#.# #.# #.# .#
#.# #### .#


You could see 7 river rats and 7 rats.

Vanquished Creatures
  Sigmund (D:3)
  A black bear (D:6)
  2 ogres
  A phantom (D:5)
  The ghost of Tiareth the Conjurer, an amateur DECj (D:3)
  A scorpion (D:5)
  2 crimson imps (D:5)
  A gnoll shaman (D:5)
  2 orc priests
  A hound (D:4)
  A centaur skeleton (D:5)
  An iguana (D:5)
  Crazy Yiuf (D:3)
  Jessica (D:2)
  5 orc wizards
  9 worker ants
  7 adders
  7 gnolls
  3 river rats (D:6)
  An ooze (D:3)
  An adder skeleton (D:5)
  2 worms
  4 dart slugs
  5 leopard geckos
  25 orcs
  3 giant cockroaches (D:4)
  8 goblins
  11 hobgoblins
  3 jackals (D:4)
  7 kobolds
  5 quokkas
  A ball python (D:1)
  A ball python skeleton (D:5)
  6 bats
  9 frilled lizards
  A leopard gecko skeleton (D:5)
  7 rats
148 creatures vanquished.

Notes
Turn   | Place    | Note
-------+----------+-------------------------------------------
     0 | Abyss:1  | Mythic the Demonspawn Abyssal Knight began the quest for the Orb.
     0 | Abyss:1  | Reached XP level 1. HP: 18/18 MP: 2/2
    87 | Abyss:1  | Noticed a small abomination
    87 | D:1      | Escaped the Abyss
   144 | D:1      | Reached * piety under Lugonu
   215 | D:1      | Reached skill level 2 in Polearms
   229 | D:1      | Gained mutation: Your flesh is heat resistant. (rF+) [demonic ancestry]
   229 | D:1      | Reached XP level 2. HP: 23/24 MP: 3/3
   756 | D:1      | Reached XP level 3. HP: 25/29 MP: 4/4
  1210 | D:2      | Noticed Jessica
  1217 | D:2      | Killed Jessica
  1217 | D:2      | Reached skill level 3 in Polearms
  1217 | D:2      | Reached skill level 1 in Dodging
  1217 | D:2      | Gained mutation: You have a somewhat thin skeletal structure. (Dex +2, Stealth) [demonic ancestry]
  1217 | D:2      | Reached XP level 4. HP: 36/36 MP: 5/5
  1414 | D:2      | Reached ** piety under Lugonu
  1504 | D:2      | Found a hide-covered altar of Uskayaw.
  1803 | D:2      | Found a glowing silver altar of Zin.
  2090 | D:3      | Reached XP level 5. HP: 39/42 MP: 6/6
  2159 | D:3      | Reached skill level 4 in Polearms
  2270 | D:3      | Noticed Tiareth's ghost (amateur DECj)
  2308 | D:3      | Killed Tiareth's ghost
  2308 | D:3      | Gained mutation: You sometimes gain a little power by taking damage. [demonic ancestry]
  2308 | D:3      | Reached XP level 6. HP: 25/48 MP: 7/7
  2377 | D:3      | Noticed Sigmund
  2395 | D:3      | Killed Sigmund
  2395 | D:3      | Reached skill level 5 in Polearms
  2483 | D:3      | Found a runed door.
  2487 | D:3      | Noticed Crazy Yiuf
  2498 | D:3      | Killed Crazy Yiuf
  2698 | D:3      | Found an iron altar of Okawaru.
  3146 | D:4      | Reached XP level 7. HP: 44/55 MP: 9/9
  3270 | D:4      | Found a shadowy altar of Dithmenos.
  3270 | D:4      | Found a deep blue altar of Sif Muna.
  3286 | D:4      | Reached *** piety under Lugonu
  3296 | D:4      | Found an ancient bone altar of Kikubaaqudgha.
  3296 | D:4      | Found a sparkling altar of Nemelex Xobeh.
  3765 | D:5      | Entered Level 5 of the Dungeon
  4147 | D:6      | Reached skill level 5 in Fighting
  4147 | D:6      | Reached skill level 6 in Polearms
  4326 | D:5      | Reached XP level 8. HP: 62/62 MP: 11/11
  4388 | D:5      | Found a staircase to the Ecumenical Temple.
  4820 | D:5      | Reached **** piety under Lugonu
  4980 | D:5      | Found an ornate altar of the Wu Jian Council.
  5049 | D:5      | Reached skill level 7 in Polearms
  5378 | D:6      | HP: 2/64 [river rat (5)]
  5378 | D:6      | Slain by a river rat

Skill      XL: |  1  2  3  4  5  6  7  8 |
---------------+-------------------------+-----
Polearms       | 2 3 4 5 6 7 |  7.2
Armour         | 2 3 4 |  4.4
Dodging        | 1 2 |  2.0
Fighting       | 4 5 |  5.8
Invocations    | 3 4 |  4.3

Action                   |  1- 3 |  4- 6 |  7- 9 || total
-------------------------+-------+-------+-------++-------
Melee: Spear             |   104 |   288 |   569 ||   961
Invok: Depart the Abyss  |     1 |       |       ||     1
       Bend Space        |       |    24 |     9 ||    33
  Use: Potion            |       |     1 |     5 ||     6
       Scroll            |       |       |     6 ||     6
  Eat: Chunk             |       |     3 |     6 ||     9
       Ration            |       |     1 |     1 ||     2
Armor: Chain mail        |    76 |   164 |   354 ||   594
       Leather armour    |     4 |       |       ||     4
Dodge: Dodged            |    30 |    72 |   180 ||   282
